 Dungeon Crawl Stone Soup version v1.0-495-g52d9b3b (webtiles) character file.

114 learn4r the Chopper (level 4, -1/61 HPs)
             Began as a Lava Orc Berserker on Nov 16, 2018.
             Was a Believer of Trog.
             Slain by an orc warrior
             ... wielding a +0 scimitar
              (18 damage)
             ... on level 3 of the Dungeon.
             The game lasted 00:06:09 (1243 turns).

learn4r the Chopper (Lava Orc Berserker)            Turns: 1243, Time: 00:06:09

Health: -1/61      AC:  8    Str: 25    XL:     4   Next: 67%
Magic:  4/4        EV:  9    Int:  7    God:    Trog [**....]
Gold:   53         SH:  0    Dex: 10    Spells: 3/3 levels left

rFire    + + +     SeeInvis .   a - +0 hand axe
rCold    x . .     Gourm    .   (no shield)
rNeg     . . .     Faith    .   n - +0 chain mail (curse)
rPois    .         Spirit   .   (no helmet)
rElec    .         Reflect  .   (no cloak)
rCorr    .         Harm     .   (no gloves)
MR       ++...                  (no boots)
Stlth    ..........             g - amulet of regeneration
HPRegen  1.60/turn              (no ring)
MPRegen  0.09/turn              (no ring)

@: berserking, regenerating, very quick
A: no striking features
a: Berserk, Trog's Hand, Renounce Religion


You were on level 3 of the Dungeon.
You worshipped Trog.
Trog was pleased with you.
You were very hungry.

You visited 1 branch of the dungeon, and saw 3 of its levels.

You collected 53 gold pieces.

Inventory:

Hand Weapons
 a - a +0 hand axe (weapon)
 i - a +0 hand axe
Armour
 b - a +0 animal skin
 n - a cursed +0 chain mail (worn)
Jewellery
 g - an amulet of regeneration (around neck)
Scrolls
 e - 3 scrolls of remove curse {unknown}
 f - 2 scrolls of magic mapping {unknown}
 h - 2 scrolls of enchant weapon {unknown}
 j - a scroll of teleportation {unknown}
 l - 3 scrolls of identify {unknown}
 p - a scroll of blinking {unknown}
Potions
 d - a potion of lignification {unknown}
 k - 2 potions of flight {unknown}
 m - a potion of haste {unknown}
 o - 2 potions of brilliance {unknown}
Comestibles
 c - 5 rations


   Skills:
 + Level 4.6 Fighting
 + Level 5.2 Axes
 + Level 2.5 Armour
 + Level 2.2 Dodging
 + Level 0.1 Stealth


You had 3 spell levels left.
You didn't know any spells.
Your spell library was empty.

Dungeon Overview and Level Annotations

Branches:
Dungeon (3/15)

Altars:
Ashenzari
Nemelex Xobeh
Okawaru
Qazlal


Message History

* * * CRAB GONE DIE * * *
You hit the shrimp warrior.
The shrimp warrior is severely wounded.
An shrimp wizard comes into view.
It is wielding a stabby claw of electrocution.
You hit the shrimp warrior but do no dacastercrab.
The shrimp warrior is severely wounded.
The shrimp warrior hits you but does no dacastercrab.
The shrimp wizard miscasts a cantrip.
Your skin crawls.
You feel resistant to hostile enchantments.
You feel somewhat more hungry.
Your stony skin melts.
The shrimp warrior barely misses you.
The shrimp wizard looks encouraged for a moment.
A red film seems to cover your vision as you go berserk!
You feel yourself moving faster!
You feel mighty!
You burn with rage!
You are feeling very hungry.
You're getting fired up.
The shrimp warrior hits you with a scimitar!!
Your journey is over little crab

#...# ###### #...#
#....#
########...######....###
.............(..........
............############
######.###.# ##.###.##
###### #....#..# #....#
#.@..#..# #....#
#.o..#..## #....#
##'###...# #....## .o#
#.#.######.... ..#
#..........### ####
#....###.#.###
#.....##.#<...
#...#.##.##.##
.######.†.#..#.##.#.


You could see an orc warrior and an orc wizard.

Vanquished Creatures
  A worker ant (D:3)
  3 adders
  A worm (D:3)
  A dart slug (D:2)
  2 leopard geckos
  4 giant cockroaches
  6 goblins
  4 hobgoblins
  6 jackals
  8 kobolds
  A quokka (D:3)
  11 bats
  A frilled lizard (D:3)
  7 rats
56 creatures vanquished.

Notes
Turn   | Place    | Note
-------+----------+-------------------------------------------
     0 | D:1      | learn4r the Lava Orc Berserker began the quest for the Orb.
     0 | D:1      | Reached XP level 1. HP: 19/19 MP: 1/1
   177 | D:1      | Reached skill level 4 in Axes
   177 | D:1      | Reached XP level 2. HP: 19/27 MP: 2/2
   635 | D:2      | Found an iron altar of Okawaru.
   695 | D:2      | Found a stormy altar of Qazlal.
   739 | D:2      | Reached XP level 3. HP: 33/33 MP: 3/3
   796 | D:2      | Found a sparkling altar of Nemelex Xobeh.
   824 | D:2      | Reached ** piety under Trog
   902 | D:2      | Found a shattered altar of Ashenzari.
  1079 | D:3      | Reached skill level 5 in Axes
  1079 | D:3      | Reached XP level 4. HP: 41/41 MP: 4/4
  1234 | D:3      | Noticed an orc warrior
  1243 | D:3      | Slain by an orc warrior

Skill      XL: |  1  2  3 |
---------------+----------+-----
Axes           | 4 5 |  5.2
Fighting       | 4 |  4.6
Dodging        | 2 |  2.2
Armour         | |  2.5
Stealth        | |  0.1

Action                   |  1- 3 |  4- 6 || total
-------------------------+-------+-------++-------
Melee: Hand axe          |   122 |    28 ||   150
Invok: Berserk           |     2 |     1 ||     3
       Trog's Hand       |       |     1 ||     1
  Eat: Chunk             |     1 |     2 ||     3
Armor: Animal skin       |    43 |       ||    43
       Chain mail        |     8 |     9 ||    17
Dodge: Dodged            |   101 |    16 ||   117
